General information
- name: BNet
- type: Ladder 1vs1/FFA
- host: Battle.net
- saver: TIMG4STRok
map: EchoIsles
- players: 2
- length: 07:02
- speed: Fast
- version: 1.21 W3XP
- replay type:

» download(24 KB)
Players
team 1 (loser)

»
sld)eXteSy (
teal | 110 APM | 775 actions | 07:01)
2 Crypt Lord
1 Carrion Beetles
1 Spiked Carapace
» actions
| Assign group hotkey | 18 | |
| Build / train | 19 | |
| ESC pressed | 2 | |
| Enter build submenu | 11 | |
| Enter hero's abilities submenu | 2 | |
| Right click | 162 | |
| Select / deselect | 427 | |
| Select group hotkey | 118 | |
| Use ability | 16 | |
775 total
» units
| Acolyte | 5 | |
| Ghoul | 3 | |
| Crypt Fiend | 3 | |
11 total
» buildings
| Graveyard | 1 | |
| Crypt | 1 | |
| Ziggurat | 5 | |
| Altar of Darkness | 1 | |
| Nerubian Tower | 2 | |
| Halls of the Dead | 1 | |
| Tomb of Relics | 1 | |
| Spirit Tower | 1 | |
| Slaughterhouse | 1 | |
14 total
» build order
00:23 Graveyard
00:25 Crypt
00:39 Ziggurat
00:59 Altar of Darkness
01:16 Ziggurat
01:50 Nerubian Tower
03:25 Ziggurat
03:49 Halls of the Dead
04:19 Nerubian Tower
04:35 Tomb of Relics
05:05 Spirit Tower
05:14 Ziggurat
05:38 Ziggurat
06:49 Slaughterhouse
team 2 (winner)

»
TIMG4STRok (
green | 99 APM | 700 actions | 07:02)
2 Blademaster
1 Wind Walk
1 Critical Strike
1 Shadow Hunter
1 Hex
» actions
| Assign group hotkey | 9 | |
| Basic commands | 12 | |
| Build / train | 23 | |
| ESC pressed | 1 | |
| Enter build submenu | 8 | |
| Enter hero's abilities submenu | 3 | |
| Right click | 286 | |
| Select / deselect | 64 | |
| Select group hotkey | 270 | |
| Use ability | 24 | |
700 total
» units
» upgrades
» buildings
| Altar of Storms | 1 | |
| Orc Burrow | 3 | |
| Barracks | 1 | |
| Stronghold | 1 | |
| Voodoo Lounge | 1 | |
| Beastiary | 1 | |
| Spirit Lodge | 1 | |
9 total
» build order
00:04 Altar of Storms
00:11 Orc Burrow
00:32 Barracks
01:27 Orc Burrow
02:42 Stronghold
03:11 Voodoo Lounge
03:57 Orc Burrow
05:07 Beastiary
05:54 Spirit Lodge
» items
| Healing Salve | 1 | |
| Lesser Clarity Potion | 1 | |
2 total
Chat log
(00:15 / All) sld)eXteSy: u from?
(02:52 / All) sld)eXteSy: lol i thought u ne
(06:02 / All) sld)eXteSy: cool hack
(06:36 / All) sld)eXteSy: reallly cool hack
(06:38 / All) TIMG4STRok: ty
(06:56 / All) sld)eXteSy: hope at least hackers will ban